 Dungeon Crawl Stone Soup version 0.31-a0-145-g046c7d2549 (webtiles) character file.

Game seed: 14461273503207627938

2747 Darkkill the Skirmisher (level 9, -10/81 HPs)
             Began as a Minotaur Hunter on June 5, 2023.
             Was an Initiate of Gozag.
             Killed from afar by a starcursed mass (19 damage)
             ... with an accursed screaming
             ... created by the touch of Lugonu
             ... on level 7 of the Dungeon.
             The game lasted 00:06:58 (5798 turns).

Darkkill the Skirmisher (Minotaur Hunter)           Turns: 5798, Time: 00:06:58

Health: -10/81     AC:  9    Str: 15    XL:     9   Next: 41%
Magic:  7/7        EV: 16    Int:  5    God:    Gozag
Gold:   535        SH:  0    Dex: 19    Spells: 8/8 levels left

rFire   . . .        a - +1 shortbow
rCold   . . .        (shield currently unavailable)
rNeg    + . .        c - +3 leather armour
rPois   +            (helmet restricted)
rElec   .            u - +2 ratskin cloak {*Rats rPois rN+ Str-1 Int-1 Dex+1}
rCorr   .            (no gloves)
SInv    .            (no boots)
Will    .....        (no amulet)
Stlth   +++          e - +4 ring of slaying
HPRegen 0.33/turn    (no ring)
MPRegen 0.10/turn

%: random rage (3%)
@: gold aura, studying Invocations
A: horns 2, retaliatory headbutt, berserk 1, low MP 1
a: Renounce Religion, Potion Petition, Call Merchant, Bribe Branch


You were on level 7 of the Dungeon.
You worshipped Gozag.
Gozag was pleased with you.
You visited 2 branches of the dungeon, and saw 8 of its levels.

You collected 625 gold pieces.
You paid 90 gold pieces to Gozag.

Inventory:

Hand Weapons
 a - a +1 shortbow (weapon)
 b - the +8 demon trident "Rift" {distort, reach+}
   (You found it on level 6 of the Dungeon)
Missiles
 h - 60 stones
 s - 3 poisoned darts
Armour
 c - a +3 leather armour (worn)
 u - the +2 ratskin cloak (worn) {*Rats rPois rN+ Str-1 Int-1 Dex+1}
   (You found it on level 6 of the Dungeon)

   *Rats:     When the wearer is hurt, rats may emerge from it to assist them.
   Str:       It affects your strength (-1).
   Int:       It affects your intelligence (-1).
   Dex:       It affects your dexterity (+1).
   rPois:     It protects you from poison.
   rN:        It protects you from negative energy.
Jewellery
 e - a +4 ring of slaying (left hand)
Wands
 o - a wand of flame (38)
Potions
 d - 2 potions of mutation
 f - a potion of lignification
 g - 2 potions of might
 i - a potion of ambrosia {unknown}
 j - 3 potions of brilliance
 k - 2 potions of resistance
 m - a potion of attraction
 n - a potion of curing {@q1}
 v - a potion of degeneration {unknown}


   Skills:
 + Level 8.1 Fighting
 + Level 8.4 Ranged Weapons
 + Level 7.4 Dodging
 + Level 5.8 Stealth


You had 8 spell levels left.
You didn't know any spells.
Your spell library contained the following spells:

 Spells                   Type           Power      Damage    Failure   Level
 Magic Dart               Conj           0%         1d3       54%         1
 Call Imp                 Summ           0%         N/A       69%         2
 Gell's Gravitas          Tloc           0%         N/A       89%         3
 Mephitic Cloud           Conj/Pois/Air  0%         N/A       89%         3
 Summon Guardian Golem    Hex/Summ       0%         N/A       89%         3
 Teleport Other           Tloc           0%         N/A       89%         3
 Dispersal                Tloc           0%         N/A       100%        6
 Orb of Destruction       Conj           0%         9d5       100%        7
 Spellforged Servitor     Conj/Summ      0%         N/A       100%        7


Dungeon Overview and Level Annotations

Branches:
Dungeon (7/15)             Temple (1/1) D:5

Altars:
Ashenzari
Cheibriados
Elyvilon
Fedhas
Gozag
Hepliaklqana
Kikubaaqudgha
Makhleb
Nemelex Xobeh
Okawaru
Qazlal
Ru
Sif Muna
Trog
Uskayaw
Vehumet
Wu Jian
Xom
Yredelemnul
Zin
The Shining One

Shops:
D:1 [   D:4 ?:

Annotations:
D:3 1 runed translucent door, timneilson's ghost, amateur GrFi


Innate Abilities, Weirdness & Mutations

You have a pair of horns on your head.
You reflexively headbutt those who attack you in melee.
You sometimes lose your temper in combat.
Your magical capacity is low. (-10% MP)


Message History

Your surroundings suddenly seem different. 4 gnolls, a scorpion, a bullfrog and an orc come into view.
Found a leather armour and a robe.
Lugonu sends minions to punish you. The divine experience confuses you!
You are confused.
A starcursed mass comes into view.
There are monsters nearby!
You shoot an arrow. The bullfrog gives a loud, deep croak!
The gnoll sergeant shouts!
The orc shouts!
The gnoll shouts! x3
There are monsters nearby!
You shoot an arrow. The arrow hits the gnoll!
The gnoll is severely wounded.
The gnoll misses you.
A sky beast comes into view.
A starcursed mass splits.
The gnoll hits you with a +0 whip.
You shoot an arrow.
A starcursed mass splits.
The gnoll barely misses you. The gnoll completely misses you.
The sky beast flickers out of sight!
Deactivating autopickup; reactivate with Ctrl-A.
The gnoll sergeant closely misses you.
There are monsters nearby!
The scorpion barely misses you. The bullfrog hits you.
A starcursed mass splits.
The gnoll misses you. The gnoll hits you with a +0 spear.
The gnoll sergeant barely misses you.
You clumsily bash the starcursed mass but do no damage.
You feel less confused. The bullfrog completely misses you.
The scorpion closely misses you. The bullfrog hits you.
The gnoll sergeant barely misses you.
A starcursed mass splits.
A deafening chorus of shrieks assaults your mind!
You suddenly lose the ability to move!
The scorpion stings you.
You can move again.
You aren't carrying any scrolls.
Unknown command.
You feel much better. The bullfrog closely misses you. The scorpion stings you.
The gnoll hits you with a +0 spear. The gnoll misses you.
A starcursed mass splits.
The gnoll sergeant hits you with a +0 trident.
A hell rat scurries out from under your cloak.
A deafening chorus of shrieks assaults your mind!
A starcursed mass splits.
The bullfrog closely misses you. The starcursed mass misses you.
You feel much better. The scorpion misses you. You furiously retaliate!
You headbutt the scorpion.
The bullfrog hits you but does no damage.
A deafening chorus of shrieks assaults your mind!
The gnoll sergeant hits you with a +0 trident!
The gnoll hits you but does no damage. The gnoll misses you.
You furiously retaliate!
You headbutt the gnoll.
You kill the gnoll!
The starcursed mass touches you but does no damage.
Your hell rat completely misses the starcursed mass.
The starcursed mass misses you.
You shoot an arrow.
The arrow hits the gnoll sergeant but does no damage.
The bullfrog closely misses you.
The scorpion stings you but does no damage.
The gnoll hits you but does no damage.
The gnoll sergeant completely misses you.
A starcursed mass splits.
The starcursed mass touches you but does no damage.
The orc is distracted by your dazzling golden aura.
Your hell rat bites the starcursed mass!
The starcursed mass shudders and is absorbed by its neighbour.
The scorpion closely misses you.
The starcursed mass completely misses you.
The orc shouts!
You shoot an arrow.
The arrow hits the gnoll sergeant but does no damage.
The orc is no longer distracted by gold.
The bullfrog hits you.
Your hell rat bites the starcursed mass!
The starcursed mass is destroyed!
The gnoll barely misses you.
The gnoll sergeant hits you with a +0 trident.
The starcursed mass touches your hell rat.
The gnoll hits your hell rat with a +0 whip.
The orc hits you but does no damage.
The starcursed mass is distracted by your dazzling golden aura.
A starcursed mass splits.
A deafening chorus of shrieks assaults your mind!
* * * LOW HITPOINT WARNING * * *
The bullfrog hits you.
* * * LOW HITPOINT WARNING * * *
Your hell rat closely misses the bullfrog.
The starcursed mass closely misses you. The gnoll hits you but does no damage.
The gnoll sergeant hits you from afar with a +0 trident.
* * * LOW HITPOINT WARNING * * *
The gnoll hits your hell rat with a +0 whip.
A starcursed mass splits.
The starcursed mass touches you but does no damage.
You shoot an arrow. The arrow hits the starcursed mass!
You destroy the starcursed mass!
That felt strangely unrewarding.
Your hell rat bites the gnoll!
A starcursed mass splits.
The gnoll sergeant misses you.
The gnoll hits your hell rat with a +0 whip.
The gnoll misses you.
A cacophony of accursed wailing tears at your sanity!
You die...
Your body crumbles into a pile of gold.

....~. ##
...[..
#.##......
#[........
#.........
#.X.......
#$goX.....
#gXXX.....
#X@Fs{....
#.XXrg.....
#.......#.#
##....##..#
#..### ##
#.## ##


You could see 8 starcursed masses, a gnoll sergeant, a bullfrog, a scorpion, 2
gnolls, an orc and a friendly hell rat.

Vanquished Creatures
  6 yaks (D:5)
  An orc warrior (D:6)
  An ice beast (D:5)
  A black bear (D:5)
  3 sky beasts
  2 ogres (D:5)
  A centaur (D:6)
  A bullfrog (D:6)
  2 scorpions (D:5)
  5 wights (D:6)
  4 hounds
  A jelly (D:7)
  3 orc priests (D:6)
  A starcursed mass (D:7)
  2 iguanas
  Natasha (thrice) (D:3)
  Robin (D:2)
  5 gnolls
  10 adders
  A shadow imp (D:6)
  2 white imps (D:6)
  An ufetubus (D:5)
  A worm (D:2)
  2 dart slugs
  16 orcs
  5 ball pythons
  5 endoplasms
  4 giant cockroaches
  7 hobgoblins
  4 jackals (D:1)
  A kobold (D:2)
  2 quokkas
  11 bats
  3 frilled lizards
  9 goblins
  A rat (D:3)
128 creatures vanquished.

Vanquished Creatures (collateral kills)
  A starcursed mass (D:7)
1 creature vanquished.

Grand Total: 129 creatures vanquished

Notes
Turn   | Place    | Note
-------+----------+-------------------------------------------
     0 | D:1      | Darkkill the Minotaur Hunter began the quest for the Orb.
     0 | D:1      | Reached XP level 1. HP: 18/18 MP: 0/0
   157 | D:1      | Reached skill level 1 in Stealth
   190 | D:1      | Reached XP level 2. HP: 25/25 MP: 1/1
   276 | D:1      | Found Ylipuj's Armour Boutique.
   330 | D:1      | Reached XP level 3. HP: 31/31 MP: 2/2
  1013 | D:2      | Noticed Robin
  1025 | D:2      | Killed Robin
  1039 | D:2      | HP: 5/31 [worm (9)]
  1040 | D:2      | HP: 1/31 [worm (4)]
  1259 | D:2      | Reached XP level 4. HP: 38/38 MP: 3/3
  1929 | D:3      | Reached skill level 5 in Ranged Weapons
  2212 | D:3      | Noticed Natasha
  2215 | D:3      | Killed Natasha
  2260 | D:3      | Found a runed translucent door.
  2261 | D:3      | Noticed timneilson's ghost (amateur GrFi)
  2268 | D:3      | Noticed Natasha
  2273 | D:3      | Killed Natasha
  2274 | D:3      | Reached XP level 5. HP: 44/46 MP: 4/4
  2355 | D:3      | Noticed Natasha
  2371 | D:3      | Killed Natasha
  2577 | D:4      | Found Laokanig's Magic Scroll Shoppe.
  2649 | D:4      | Found Eqaheapp's Self-Improvement Boutique.
  2867 | D:4      | Found a hazy altar of Hepliaklqana.
  2973 | D:4      | Reached XP level 6. HP: 53/53 MP: 5/5
  3014 | D:5      | Entered Level 5 of the Dungeon
  3014 | D:5      | Noticed a yak
  3014 | D:5      | Noticed a yak
  3014 | D:5      | Noticed a yak
  3014 | D:5      | Noticed a yak
  3014 | D:5      | Noticed a yak
  3016 | D:5      | Noticed a yak
  3079 | D:5      | Identified the +6 hand axe of Onobev {heavy, *Noise rF+
                  | Will+}
  3126 | D:5      | Reached skill level 5 in Fighting
  3126 | D:5      | Reached XP level 7. HP: 33/61 MP: 6/6
  3243 | D:5      | Found a staircase to the Ecumenical Temple.
  3274 | Temple   | Entered the Ecumenical Temple
  3613 | Temple   | Became a worshipper of Nemelex Xobeh the Trickster
  3808 | D:5      | Killed a yak
  3809 | D:5      | Reached skill level 5 in Dodging
  3820 | D:5      | Killed a yak
  3820 | D:5      | Killed a yak
  3821 | D:5      | Reached XP level 8. HP: 25/70 MP: 7/7
  3823 | D:5      | HP: 13/71 [yak (6)]
  3824 | D:5      | HP: 6/71 [yak (7)]
  4138 | D:5      | Found an ornate altar of the Wu Jian Council.
  4138 | D:5      | Found a radiant altar of Vehumet.
  4139 | D:5      | Found an opulent altar of Gozag.
  4147 | D:5      | Fell from the grace of Nemelex Xobeh
  4153 | D:5      | Became a worshipper of Gozag Ym Sagoz the Greedy
  4418 | D:6      | Reached skill level 5 in Stealth
  4614 | D:6      | Found the +8 demon trident "Rift" {distort, reach+}
  4829 | D:6      | Reached XP level 9. HP: 75/78 MP: 8/8
  4940 | D:6      | Found a glowing silver altar of Zin.
  4940 | D:6      | Noticed an angel
  5276 | D:6      | Found the +2 ratskin cloak {*Rats rPois rN+ Str-1 Int-1
                  | Dex+1}
  5617 | D:7      | Gained mutation: You sometimes lose your temper in combat.
                  | [mutagenic glow]
  5636 | D:7      | Gained mutation: Your magical capacity is low. (-10% MP)
                  | [mutagenic glow]
  5788 | D:7      | Noticed a starcursed mass
  5792 | D:7      | Paralysed by accursed screaming for 1 turns
  5796 | D:7      | HP: 15/81 [starcursed mass/accursed screaming[the touch of
                  | Lugonu] (14)]
  5798 | D:7      | Killed from afar by a starcursed mass

Illustrated notes

Levels and vault maps discovered:
D:1:      minmay_arrival_split_and_join, layout_basic, serial_shops, shop,
          minmay_pentomino_o4
D:2:      layout_loops_corners, uniq_robin
D:3:      layout_loops_ring, ebering_ghost_inner_flame, uniq_natasha
D:4:      layout_rooms, lemuel_tele_altar, serial_shops,
          nicolae_shop_tiny_waterfront, nicolae_shop_self_help
D:5:      layout_cave_pools, gammafunk_temple_overflow_claw,
          minmay_temple_entry_offerings
D:6:      layout_rooms, zin_angel, kennysheep_donut, nicolae_half_adder
D:7:      nzn_winding_woodlands_medium [nzn_winding_woodlands_5x5_three,
          nzn_winding_woodlands_5x15_garden, nzn_winding_woodlands_5x5_default,
          nzn_winding_woodlands_5x5_open_star,
          nzn_winding_woodlands_center_garden,
          nzn_winding_woodlands_5x5_checkerboard,
          nzn_winding_woodlands_hourglass,
          nzn_winding_woodlands_5x15_concentric,
          nzn_winding_woodlands_5x5_cross], layout_cave_pods, chequers_big_river
Temple:   eino_temple_rhombus

Skill      XL: |  1  2  3  4  5  6  7  8  9 |
---------------+----------------------------+-----
Stealth        | 1 2 3 4 5 |  5.8
Fighting       | 3 4 5 6 7 8 |  8.1
Dodging        | 3 4 5 6 7 |  7.4
Ranged Weapons | 5 6 7 8 |  8.4

Action                     |  1- 3 |  4- 6 |  7- 9 || total
---------------------------+-------+-------+-------++-------
  Melee: Hand axe          |       |       |    12 ||    12
         Headbutt          |       |       |     3 ||     3
         Demon trident     |       |       |     2 ||     2
         Shortbow          |       |       |     1 ||     1
   Fire: Shortbow          |    94 |    96 |   201 ||   391
 Invoke: Renounce Religion |       |       |     1 ||     1
    Use: Scroll            |     4 |    10 |     3 ||    17
         Potion            |       |     5 |     4 ||     9
 Armour: Leather armour    |    13 |     2 |    29 ||    44
  Dodge: Dodged            |    50 |     9 |   107 ||   166

Table legend: (Time is in decaauts)
 A = Elapsed time spent in this place.
 B = Non-inter-level travel time spent in this place.
 C = Inter-level travel time spent in this place.
 D = Time resting spent in this place.
 E = Time spent auto-exploring this place.
 F = Levels seen in this place.
 G = Mean time per level.
                   A        B        C        D        E       F      G
               +--------+--------+--------+--------+--------+-----+--------+
         Total |   5832 |   5606 |    226 |    515 |   4158 |   8 |  729.0 |
       Dungeon |   5522 |   5357 |    165 |    515 |   3934 |   7 |  788.9 |
        Temple |    309 |    248 |     61 |      0 |    224 |   1 |  309.0 |
               +--------+--------+--------+--------+--------+-----+--------+

Top non-repeatable levels by time:
     D:6: 1144 daAuts
     D:5: 1054 daAuts
     D:2: 1010 daAuts
     D:1: 882 daAuts
     D:3: 633 daAuts
     D:4: 577 daAuts
  Temple: 309 daAuts
     D:7: 221 daAuts

Levels and vault maps discovered:
D:1:      minmay_arrival_split_and_join, layout_basic, serial_shops, shop,
          minmay_pentomino_o4
D:2:      layout_loops_corners, uniq_robin
D:3:      layout_loops_ring, ebering_ghost_inner_flame, uniq_natasha
D:4:      layout_rooms, lemuel_tele_altar, serial_shops,
          nicolae_shop_tiny_waterfront, nicolae_shop_self_help
D:5:      layout_cave_pools, gammafunk_temple_overflow_claw,
          minmay_temple_entry_offerings
D:6:      layout_rooms, zin_angel, kennysheep_donut, nicolae_half_adder
D:7:      nzn_winding_woodlands_medium [nzn_winding_woodlands_5x5_three,
          nzn_winding_woodlands_5x15_garden, nzn_winding_woodlands_5x5_default,
          nzn_winding_woodlands_5x5_open_star,
          nzn_winding_woodlands_center_garden,
          nzn_winding_woodlands_5x5_checkerboard,
          nzn_winding_woodlands_hourglass,
          nzn_winding_woodlands_5x15_concentric,
          nzn_winding_woodlands_5x5_cross], layout_cave_pods, chequers_big_river
Temple:   eino_temple_rhombus

Table legend: (Time is in decaauts)
 A = Elapsed time spent in this place.
 B = Non-inter-level travel time spent in this place.
 C = Inter-level travel time spent in this place.
 D = Time resting spent in this place.
 E = Time spent auto-exploring this place.
 F = Levels seen in this place.
 G = Mean time per level.
                   A        B        C        D        E       F      G
               +--------+--------+--------+--------+--------+-----+--------+
         Total |   5832 |   5606 |    226 |    515 |   4158 |   8 |  729.0 |
       Dungeon |   5522 |   5357 |    165 |    515 |   3934 |   7 |  788.9 |
        Temple |    309 |    248 |     61 |      0 |    224 |   1 |  309.0 |
               +--------+--------+--------+--------+--------+-----+--------+

Top non-repeatable levels by time:
     D:6: 1144 daAuts
     D:5: 1054 daAuts
     D:2: 1010 daAuts
     D:1: 882 daAuts
     D:3: 633 daAuts
     D:4: 577 daAuts
  Temple: 309 daAuts
     D:7: 221 daAuts

Table legend:
 A = Kills in this place as a percentage of kills in the entire game.
 B = Kills by you in this place as a percentage of kills by you in the entire game.
 C = Kills by friends in this place as a percentage of kills by friends in the entire game.
 D = Other kills in this place as a percentage of other kills in the entire game.
 E = Experience gained in this place as a percentage of experience gained in the entire game.
 F = Experience gained in this place divided by the number of levels of this place that you have seen.
                   A       B       C       D       E      F
               +-------+-------+-------+-------+-------+----------------------
         Total | 100.0 | 100.0 |   N/A |   N/A | 100.0 | 490.6
       Dungeon | 100.0 | 100.0 |   N/A |   N/A | 100.0 | 560.7
               +-------+-------+-------+-------+-------+----------------------
